 Dungeon Crawl Stone Soup version 0.31-a0-1233-g4b27ddf (webtiles) character file.

Game seed: 5480846698989438421

6490 edsrzf the Nimble (level 11, -6/81 HPs)
             Began as an Octopode Air Elementalist on Dec 13, 2023.
             Was a Follower of Sif Muna.
             Mangled by a wolf (8 damage)
             ... on level 9 of the Dungeon on Dec 14, 2023.
             The game lasted 00:28:42 (11426 turns).

edsrzf the Nimble (Octopode Air Elementalist)      Turns: 11426, Time: 00:28:42

Health: -6/81      AC:  1    Str:  7    XL:     11   Next: 0%
Magic:  15/18      EV: 23    Int: 27    God:    Sif Muna [*.....]
Gold:   569        SH:  0    Dex: 14    Spells: 17/20 levels left

rFire   + . .        a - +3 dagger (venom)
rCold   . . .        (no shield)
rNeg    . . .        (helmet restricted)
rPois   .            (no amulet)
rElec   .            e - +5 ring of evasion
rCorr   .            g - +6 ring of intelligence
SInv    .            o - ring of protection from fire
Will    .....        w - ring of wizardry
Stlth   +++          (no ring)
HPRegen 0.33/turn    (no ring)
MPRegen 0.16/turn    (no ring)
                     (no ring)

%: wizardry (x1)
@: about to teleport
A: almost no armour, amphibious, 8 rings, camouflage 1, gelatinous body 1,
(nimble swimmer 1), tentacles
a: Renounce Religion, Channel Magic


You were on level 9 of the Dungeon.
You worshipped Sif Muna.
Sif Muna was aware of your devotion.
You visited 2 branches of the dungeon, and saw 10 of its levels.
You also visited: Ossuary.

You collected 602 gold pieces.
You spent 33 gold pieces at shops.

Inventory:

Hand Weapons
 a - a +3 dagger of venom (weapon)
 p - a +2 dagger of speed
 E - the +3 short sword of Karma {freeze, Will+}
   (You found it on level 6 of the Dungeon)

   Will+:     It increases your willpower.
Missiles
 c - 6 boomerangs
 f - 4 datura-tipped darts
 r - 2 curare-tipped darts
 A - 13 poisoned darts
Jewellery
 e - a +5 ring of evasion (left tentacle)
 g - a +6 ring of intelligence (right tentacle)
 o - a ring of protection from fire (on tentacle)
 w - a ring of wizardry (on tentacle)
 D - a ring of poison resistance
Wands
 l - a wand of quicksilver (8)
 G - a wand of charming (6)
Scrolls
 h - 4 scrolls of poison
 j - 2 scrolls of fog {unknown}
 k - 4 scrolls of immolation
 u - 2 scrolls of enchant armour
 v - a scroll of revelation {unknown}
 y - 2 scrolls of identify {@r1}
 B - 2 scrolls of teleportation {@r3}
 F - a scroll of torment {unknown}
 H - a scroll of amnesia {unknown}
 I - a scroll of vulnerability {unknown}
Potions
 b - a potion of lignification
 d - 4 potions of magic
 m - 2 potions of enlightenment
 s - 3 potions of attraction
 t - 3 potions of might
 x - a potion of cancellation
 z - a potion of haste


   Skills:
 + Level 9.9 Fighting
 + Level 10.2 Dodging
 - Level 2.6 Stealth
 - Level 5.0 Spellcasting
 - Level 5.0 Conjurations
 - Level 5.2 Air Magic


You had 17 spell levels left.
You knew the following spells:

 Your Spells              Type           Power      Damage    Failure   Level
a - Static Discharge      Conj/Air       68%        3-6/arc   1%          2
X - Shock                 Conj/Air       100%       1d9       1%          1

Your spell library contained the following spells:

 Spells                   Type           Power      Damage    Failure   Level
 Swiftness                Air            35%        N/A       1%          3
 Airstrike                Air            17%        2d(3-19)  3%          4
 Simulacrum               Ice/Necr       3%         N/A       98%         6
 Ozocubu's Refrigeration  Ice            3%         4d8       100%        7
 Polar Vortex             Ice            3%         N/A       100%        9


Dungeon Overview and Level Annotations

Branches:
Dungeon (9/15)             Temple (1/1) D:6         Ossuary (visited)
   Lair: D:8-11         Orc: D:9-12

Altars:
Ashenzari
Dithmenos
Elyvilon
Fedhas
Gozag
Hepliaklqana
Makhleb
Nemelex Xobeh
Okawaru
Qazlal
Ru
Sif Muna
Trog
Uskayaw
Vehumet
Wu Jian
Xom
Yredelemnul
Zin
The Shining One

Shops:
D:2 ?

Annotations:
D:4 2 transporters, Agrajag's ghost, amateur MfSh
D:9 Pikel


Innate Abilities, Weirdness & Mutations

You cannot wear most types of armour.
You are amphibious.
You can wear up to eight rings at the same time.
Your skin changes colour to match your surroundings (Stealth+).
Your rubbery body absorbs attacks. (AC +1, EV +1)
((You are camouflaged when in or above water. (Stealth+)))
You have tentacles for arms and can constrict up to eight enemies at once.


Message History

Your squeeze misses the steam dragon.
The steam dragon is moderately wounded.
The gnoll completely misses you.
The gnoll sergeant hits you from afar with a +0 spear!
The steam dragon breathes steam at you. The ball of steam hits you. You resist.
The ball of steam hits the gnoll!!
The gnoll dies!
The gnoll shouts!
You hear a howl!
You closely miss the steam dragon.
The steam dragon is moderately wounded.
The gnoll sergeant hits you from afar with a +0 spear.
The steam dragon completely misses you. The steam dragon closely misses you.
The gnoll misses you.
The gnoll sergeant hits you with a +0 spear!
The gnoll sergeant blocks your attack.
The wolf howls!
You grab the gnoll sergeant. The gnoll sergeant blocks your attack.
The gnoll sergeant is almost dead.
You constrict the gnoll sergeant, but do no damage.
The gnoll misses you.
The gnoll sergeant hits you with a +0 spear.
The steam dragon closely misses you. The steam dragon claws you.
You hit the gnoll sergeant but do no damage.
You squeeze the gnoll sergeant, but do no damage.
The gnoll sergeant is severely wounded.
You constrict the gnoll sergeant.
The gnoll hits you from afar with a +0 halberd.
The gnoll sergeant misses you.
A wight comes into view. It is wielding a +0 dire flail.
The steam dragon bites you!
* * * LOW HITPOINT WARNING * * *
The steam dragon closely misses you.
Aiming: Quicksilver Bolt
Press: ? - help, Shift-Dir - straight line, f/p - steam dragon
Aim: a steam dragon (severely wounded, extremely poisoned, 71% to hit)
The bolt of dispelling energy hits the gnoll sergeant!
You kill the gnoll sergeant!
Sif Muna accepts your kill.
The bolt of dispelling energy hits the gnoll!
You kill the gnoll!
Sif Muna accepts your kill.
The bolt of dispelling energy misses the wolf.
The gnoll completely misses you. The gnoll misses you.
The steam dragon closely misses you. The steam dragon completely misses you.
Unknown command.
You closely miss the steam dragon. You squeeze the steam dragon.
You kill the steam dragon!
Sif Muna accepts your kill. The wolf bites you!
* * * LOW HITPOINT WARNING * * *
The gnoll hits you from afar with a +0 spear.
* * * LOW HITPOINT WARNING * * *
The gnoll closely misses you.
Okay, then.
Okay, then.
Okay, then.
Aiming: Quicksilver Bolt
Press: ? - help, Shift-Dir - straight line, f - gnoll
Aim: a gnoll, wielding a +0 spear (75% to hit)
The bolt of dispelling energy misses the gnoll.
The bolt of dispelling energy hits the gnoll!
The gnoll is severely wounded.
The wolf closely misses you. The gnoll completely misses you.
The gnoll hits you from afar with a +0 spear.
* * * LOW HITPOINT WARNING * * *
The wolf closely misses you.
Aiming: Quicksilver Bolt
Press: ? - help, Shift-Dir - straight line, f/p - gnoll
Aim: a gnoll, wielding a +0 spear (severely wounded, 75% to hit)
The bolt of dispelling energy hits the gnoll!
You kill the gnoll!
Sif Muna accepts your kill.
The bolt of dispelling energy hits the gnoll!
You kill the gnoll!
Sif Muna accepts your kill. The wolf misses you.
Okay, then.
Aiming: Quicksilver Bolt
Press: ? - help, Shift-Dir - straight line, f - wolf
Aim: a wolf (53% to hit)
The bolt of dispelling energy hits the wolf!
The wolf is heavily wounded.
The bolt of dispelling energy hits the wight!
You destroy the wight!
Sif Muna accepts your kill. The wolf completely misses you.
The wolf barely misses you.
You have reached level 11!
You barely miss the wolf. Your grab misses the wolf. You squeeze the wolf.
The wolf is severely wounded.
The wolf barely misses you. The wolf completely misses you.
Okay, then.
Okay, then.
Okay, then.
Okay, then.
Okay, then.
Okay, then.
Okay, then.
As you read the scroll of teleportation {@r3}, it crumbles to dust.
You feel strangely unstable. The wolf closely misses you. The wolf bites you!
You die...

#........# #.........h~....
######...##>.## #.....###+#.....
..........#.... ..........h#k.#.
..........#.... .............Y..
..........#.... .................
..........#.... .......#..#.
..........#.... ....... ....
#....######....##############....
...............Y@h)).............
.................))..............
.................).............#.
........................<........
.................................
.................................
(................................
.................................
........ ................


You could see an ice beast and a wolf.

Vanquished Creatures
  Joseph (D:7)
  Maggie (D:8)
  A rime drake (D:9)
  2 wyverns (D:7)
  2 steam dragons
  A water moccasin (D:8)
  3 ice beasts
  3 orc warriors
  7 black bears
  2 ogres
  4 centaurs
  2 wolves (D:9)
  A phantom (D:6)
  2 kobold brigands
  2 gnoll sergeants
  4 bullfrogs
  8 scorpions
  6 wights
  10 killer bees
  7 hounds
  A centaur zombie (Ossuary)
  2 jellies (D:6)
  3 human zombies (Ossuary)
  5 orc priests
  5 iguanas
  3 scorpion zombies (Ossuary)
  A sleepcap (D:5)
  Terence (D:3)
  8 orc wizards
  3 mummies (Ossuary)
  9 gnolls
  8 adders
  A shadow imp (D:6)
  3 ufetubi
  3 worms
  3 dart slugs
  24 orcs
  12 ball pythons
  7 endoplasms
  4 giant cockroaches
  4 gnoll zombies (Ossuary)
  16 hobgoblins
  14 kobolds
  3 quokkas
  7 bats
  5 frilled lizards
  7 goblins
  4 goblin zombies
  3 hobgoblin zombies (Ossuary)
  2 kobold zombies (Ossuary)
  3 orc zombies (Ossuary)
  A quokka zombie (D:4)
  7 rats
251 creatures vanquished.

Vanquished Creatures (collateral kills)
  An adder (D:4)
1 creature vanquished.

Vanquished Creatures (others)
  A gnoll (D:9)
1 creature vanquished.

Grand Total: 253 creatures vanquished

Notes
Turn   | Place    | Note
-------+----------+-------------------------------------------
     0 | D:1      | edsrzf the Octopode Air Elementalist began the quest for
                  | the Orb.
     0 | D:1      | Reached XP level 1. HP: 11/11 MP: 3/3
   125 | D:1      | Reached XP level 2. HP: 17/17 MP: 5/5
   125 | D:1      | Upgraded the game from 0.31-a0-1207-g4ab8c38 to
                  | 0.31-a0-1233-g4b27ddf
   325 | D:1      | Reached skill level 2 in Conjurations
   336 | D:1      | Reached XP level 3. HP: 14/21 MP: 6/6
  1183 | D:2      | Reached skill level 3 in Spellcasting
  1336 | D:2      | Reached XP level 4. HP: 27/27 MP: 3/8
  1738 | D:2      | Found Codav's Magic Scroll Shoppe.
  1741 | D:2      | Bought a scroll of identify for 22 gold pieces
  1741 | D:2      | Bought a scroll of noise for 11 gold pieces
  1741 | D:2      | Identified 2 potions of curing
  1843 | D:3      | Learned a level 2 spell: Static Discharge
  2075 | D:3      | Reached skill level 3 in Conjurations
  2220 | D:3      | Identified a potion of enlightenment
  2450 | D:3      | Reached XP level 5. HP: 31/31 MP: 7/10
  2540 | D:3      | Noticed Terence
  2549 | D:3      | Killed Terence
  2627 | D:3      | Found an ornate altar of the Wu Jian Council.
  2686 | D:3      | Found a white marble altar of Elyvilon.
  2906 | D:4      | Noticed a black bear
  2964 | D:4      | Found an iron altar of Okawaru.
  2970 | D:4      | Reached skill level 4 in Spellcasting
  3258 | D:4      | Reached skill level 4 in Conjurations
  3276 | D:4      | Reached XP level 6. HP: 24/36 MP: 12/12
  3314 | D:4      | Identified 3 scrolls of poison
  3315 | D:4      | Identified 3 scrolls of immolation
  3316 | D:4      | Identified 3 scrolls of blinking
  3318 | D:4      | Identified 2 scrolls of fear
  3319 | D:4      | Identified a scroll of summoning
  3320 | D:4      | Identified a scroll of enchant armour
  3430 | D:4      | Killed a black bear
  3458 | D:4      | Found a transporter.
  3529 | D:4      | Found a transporter.
  3533 | D:4      | Noticed Agrajag's ghost (amateur MfSh)
  3554 | D:4      | Found a sand-covered staircase.
  3562 | Ossuary  | Entered an ossuary
  3658 | Ossuary  | Reached skill level 5 in Spellcasting
  3658 | Ossuary  | Reached skill level 5 in Conjurations
  3658 | Ossuary  | Reached XP level 7. HP: 31/41 MP: 14/14
  3678 | Ossuary  | Reached skill level 4 in Air Magic
  3843 | Ossuary  | Reached skill level 5 in Air Magic
  3988 | Ossuary  | Identified a potion of cancellation
  3989 | Ossuary  | Identified a potion of degeneration
  3991 | Ossuary  | Identified 2 potions of might
  3992 | Ossuary  | Identified a potion of heal wounds
  4110 | Ossuary  | Reached skill level 1 in Fighting
  4110 | Ossuary  | Reached XP level 8. HP: 47/48 MP: 9/15
  4167 | Ossuary  | Reached skill level 2 in Fighting
  4176 | Ossuary  | Reached skill level 3 in Dodging
  4185 | Ossuary  | Identified a potion of attraction
  4186 | Ossuary  | Identified a potion of haste
  4507 | D:5      | Entered Level 5 of the Dungeon
  4531 | D:5      | Reached skill level 3 in Fighting
  4681 | D:5      | Reached skill level 4 in Dodging
  4940 | D:5      | Reached skill level 4 in Fighting
  5193 | D:5      | Reached skill level 5 in Dodging
  5195 | D:5      | Reached XP level 9. HP: 53/60 MP: 11/16
  5340 | D:5      | Reached skill level 5 in Fighting
  5858 | D:5      | Reached skill level 6 in Dodging
  6088 | D:6      | Identified 3 scrolls of teleportation
  6148 | D:6      | Reached skill level 6 in Fighting
  6600 | D:6      | Reached skill level 7 in Dodging
  6731 | D:6      | Reached skill level 7 in Fighting
  6963 | D:6      | Identified the +3 short sword of Karma {freeze, Will+}
  7108 | D:6      | Reached XP level 10. HP: 71/71 MP: 14/17
  7145 | D:6      | Found a staircase to the Ecumenical Temple.
  7231 | D:6      | Reached skill level 8 in Dodging
  7844 | Temple   | Entered the Ecumenical Temple
  7864 | Temple   | Became a worshipper of Sif Muna the Loreminder
  8003 | D:7      | Reached skill level 8 in Fighting
  8005 | D:7      | Identified a potion of ambrosia
  8019 | D:7      | Noticed Joseph
  9315 | D:7      | Killed Joseph
  9316 | D:7      | Reached skill level 9 in Dodging
  9543 | D:8      | Noticed Maggie
  9561 | D:8      | Killed Maggie
  9562 | D:8      | Reached skill level 9 in Fighting
  9563 | D:8      | HP: 2/74 [orc warrior/+0 glaive (19)]
 10238 | D:8      | Reached * piety under Sif Muna
 10247 | D:8      | Found a sparkling altar of Nemelex Xobeh.
 10764 | D:8      | You fall into a shaft and drop 1 floor!
 11033 | D:9      | Noticed Pikel
 11072 | D:9      | Identified a potion of lignification
 11132 | D:9      | Reached skill level 10 in Dodging
 11422 | D:9      | HP: 1/76 [gnoll/+0 spear[a gnoll sergeant] (5)]
 11425 | D:9      | Reached XP level 11. HP: 2/81 MP: 15/18
 11426 | D:9      | Mangled by a wolf

Illustrated notes

Levels and vault maps discovered:
D:1:      scummos_arrival_simple_fountains, layout_loops_ring
D:2:      layout_loops_ring, serial_shops, nicolae_shop_rolled_up
D:3:      layout_loops_ring, mainiacjoe_overflow_big_doors, nicolae_titane,
          uniq_terence
D:4:      cheibrodos_thug_alley, layout_gridville,
          mainiacjoe_overflow_surrounded_room, gammafunk_ghost_mausoleum,
          enter_ossuary_4
D:5:      layout_basic, kennysheep_generic_room_5
D:6:      cheibrodos_fzero, layout_basic, minmay_temple_entry_gardened_gates,
          serial_aquarium, aquarium_bridge_square [aquarium_subvault_wall,
          aquarium_subvault_wall, aquarium_subvault_window,
          aquarium_subvault_bridge], aquarium_bridge_square
          [aquarium_subvault_window, aquarium_subvault_bridge,
          aquarium_subvault_window, aquarium_subvault_bridge],
          aquarium_window_1, aquarium_window_1, aquarium_window_fake,
          aquarium_view_2c
D:7:      layout_loops_ring, uniq_joseph
D:8:      layout_basic, mainiacjoe_overflow_paths, kb_lookout_dungeons_type,
          item_on_display_a, uniq_maggie
D:9:      layout_grid_maze, mainiacjoe_overflow_concentric_impassable,
          hellmonk_lair_entry_icy, uniq_pikel
Temple:   lightli_temple_of_artemis

Skill      XL: |  1  2  3  4  5  6  7  8  9 10 |
---------------+-------------------------------+-----
Conjurations   | 2 3 4 5 |  5.0
Spellcasting   | 3 4 5 |  5.0
Air Magic      | 5 |  5.2
Fighting       | 1 4 7 9 |  9.9
Dodging        | 5 7 10 | 10.2
Stealth        | |  2.6

Action                     |  1- 3 |  4- 6 |  7- 9 | 10-12 || total
---------------------------+-------+-------+-------+-------++-------
  Melee: Unarmed           |    44 |       |       |       ||    44
         Tentacles         |    19 |    19 |    62 |    51 ||   151
         Constrict         |    17 |    16 |    46 |    23 ||   102
         Hand axe          |    26 |     5 |       |       ||    31
         Punch             |     1 |     1 |     2 |     2 ||     6
         Dagger            |       |    78 |   213 |   148 ||   439
  Throw: Dart              |       |     1 |       |       ||     1
   Cast: Shock             |    28 |    68 |   158 |    67 ||   321
  Evoke: Wand              |       |       |       |     4 ||     4
    Use: Scroll            |       |     8 |     7 |     8 ||    23
         Potion            |       |     1 |       |     8 ||     9
   Stab: Sleeping          |    10 |     4 |    10 |     4 ||    28
         Distracted        |       |       |     1 |       ||     1
 Armour: Skin              |    29 |    30 |    71 |   107 ||   237
  Dodge: Dodged            |    51 |    51 |   196 |   250 ||   548

Table legend: (Time is in decaauts)
 A = Elapsed time spent in this place.
 B = Non-inter-level travel time spent in this place.
 C = Inter-level travel time spent in this place.
 D = Time resting spent in this place.
 E = Time spent auto-exploring this place.
 F = Levels seen in this place.
 G = Mean time per level.
                   A        B        C        D        E       F      G
               +--------+--------+--------+--------+--------+-----+--------+
         Total |  11452 |  11050 |    402 |   2888 |   5758 |  11 | 1041.1 |
       Dungeon |  10592 |  10223 |    369 |   2598 |   5599 |   9 | 1176.9 |
        Temple |     40 |      8 |     32 |      0 |      0 |   1 |   40.0 |
       Ossuary |    819 |    819 |      0 |    290 |    159 |   1 |  819.0 |
               +--------+--------+--------+--------+--------+-----+--------+

Top non-repeatable levels by time:
     D:6: 1882 daAuts
     D:7: 1782 daAuts
     D:8: 1500 daAuts
     D:5: 1486 daAuts
     D:3: 1085 daAuts
     D:2: 1026 daAuts
     D:1: 831 daAuts
 Ossuary: 819 daAuts
     D:4: 770 daAuts
     D:9: 227 daAuts
  Temple: 40 daAuts
